 Dungeon Crawl Stone Soup version 0.29.0-4-gdea44cf6ec (webtiles) character file.

Game seed: 15424657491185083261

12 qw the Sneak (level 2, -2/23 HPs)
             Began as a Ghoul Enchanter on Sept 6, 2022.
             Slain by a jackal (3 damage)
             ... on level 1 of the Dungeon.
             The game lasted 00:00:15 (604 turns).

qw the Sneak (Ghoul Enchanter)                       Turns: 604, Time: 00:00:15

Health: -2/23      AC:  2    Str: 11    XL:     2   Next: 33%
Magic:  3/3        EV: 12    Int: 10    God:
Gold:   33         SH:  0    Dex:  9    Spells: 4/4 levels left

rFire   . . .      SeeInvis .   g - +0 whip
rCold   + . .      Faith    .   (no shield)
rNeg    + + +      Spirit   .   b - +0 robe
rPois   inf        Reflect  .   (no helmet)
rElec   .          Harm     .   (no cloak)
rCorr   .          Rampage  .   (no gloves)
Will    .....                   (no boots)
Stlth   ++........              (no amulet)
HPRegen 0.00/turn               (no ring)
MPRegen 0.08/turn               (no ring)

@: inhibited regen
A: claws 1, cold resistance 1, negative energy resistance 3, inhibited
regeneration, torment resistance 2, devour on kill
a: no special abilities


You were on level 1 of the Dungeon.
You visited 1 branch of the dungeon, and saw 1 of its levels.

You collected 33 gold pieces.


Innate Abilities, Weirdness & Mutations

You are immune to poison.
You have sharp fingernails.
Your flesh is cold resistant. (rC+)
You are immune to negative energy. (rN+++)
You do not regenerate when monsters are visible.
You are immune to unholy pain and torment.
You thrive by killing the living.


   Skills:
 - Level 1.0 Fighting
 - Level 0.8 Short Blades
 + Level 1.3 Axes
 - Level 1.7 Dodging
 - Level 3.2 Stealth
 - Level 1.7 Spellcasting
 - Level 2.4 Hexes


You had 4 spell levels left.
You didn't know any spells.
Your spell library contained the following spells:

 Spells                   Type           Power      Damage    Failure   Level
 Ensorcelled Hibernation  Hex/Ice        6%         N/A       30%         2
 Confusing Touch          Hex            5%         N/A       34%         3
 Tukima's Dance           Hex            5%         N/A       34%         3
 Dazzling Flash           Conj/Hex       6%         N/A       52%         3

Inventory:

Hand Weapons
 g - a +0 whip (weapon)
Missiles
 a - 5 silver boomerangs (quivered)
Armour
 b - a +0 robe (worn)
 d - a +0 leather armour
Potions
 c - 2 potions of invisibility
 e - 2 potions of curing {unknown}
 f - a potion of mutation {unknown}
 h - 2 potions of flight {unknown}

Dungeon Overview and Level Annotations

Branches:
Dungeon (1/15)

Altars:


Message History

The jackal bites you.
You closely miss the jackal.
The jackal is severely wounded.
The jackal bites you. The jackal closely misses you. The jackal bites you. x2
You hit the jackal.
You kill the jackal!
You feel better. The jackal bites you. The jackal barely misses you. x2
You closely miss the jackal. The jackal bites you.
The jackal barely misses you. The jackal closely misses you.
You hit the jackal but do no damage. The jackal barely misses you. x3
You hit the jackal.
The jackal is lightly wounded.
The jackal closely misses you. x2; The jackal barely misses you.
You closely miss the jackal. The jackal misses you.
The jackal bites you but does no damage.
The jackal bites you.
You hit the jackal.
You kill the jackal!
The jackal bites you but does no damage.
The jackal barely misses you.
You barely miss the jackal.
The jackal bites you but does no damage.
You closely miss the jackal. Your claw misses the jackal.
The jackal misses you. The jackal barely misses you.
You barely miss the jackal. The jackal barely misses you.
You hit the jackal but do no damage. The jackal barely misses you. x2
You barely miss the jackal.
The jackal bites you but does no damage.
You hit the jackal but do no damage.
The jackal bites you but does no damage.
The jackal closely misses you.
You closely miss the jackal. The jackal bites you.
You die...

.# #...#.# .#
#.#...# .# #...#.#
.###########.#...#
..........##...#.#
#########.##.#...##
#.##...#..##
#.##.#...%.#
#.##...#@#.##
#....#...h..#
#######.##...#.##.#
##.......####...#
)# ##.....##.#
##.## h#
..........# ..# .#
##.....#### #.## h#
.....)## #. .#
###..## #~ ..


You could see a jackal.

Vanquished Creatures
  2 ball pythons (D:1)
  A giant cockroach (D:1)
  A goblin (D:1)
  A hobgoblin (D:1)
  2 jackals (D:1)
  A frilled lizard (D:1)
  2 kobolds (D:1)
  2 rats (D:1)
12 creatures vanquished.

Notes
Turn   | Place    | Note
-------+----------+-------------------------------------------
     0 | D:1      | qw the Ghoul Enchanter began the quest for the Orb.
     0 | D:1      | Reached XP level 1. HP: 14/14 MP: 2/2
     0 | D:1      | 0 ||| qw: Version: 0.1-a-108-g9e35731
     0 | D:1      | 0 ||| qw: Game counter: 6244
     0 | D:1      | 0 ||| qw: Always use a shield: true
     0 | D:1      | 0 ||| qw: God list: Okawaru
     0 | D:1      | 0 ||| qw: Allow faded altars: false
     0 | D:1      | 0 ||| qw: Do Orc after D:15 true
     0 | D:1      | 0 ||| qw: Do second Lair branch before Depths: true
     0 | D:1      | 0 ||| qw: Lair rune preference: random
     0 | D:1      | 0 ||| qw: Plans: Normal
     0 | D:1      | 0 ||| PLANNING D:1-11
    28 | D:1      | 28 ||| SWAPPING to +0 short sword.
    41 | D:1      | 41 ||| DROPPING +1 dagger.
    80 | D:1      | HP: 3/14 [constriction (1)]
    84 | D:1      | Reached skill level 1 in Axes
   463 | D:1      | 463 ||| SWAPPING to +0 whip.
   464 | D:1      | 464 ||| DROPPING +0 short sword.
   555 | D:1      | Reached skill level 1 in Fighting
   555 | D:1      | Reached XP level 2. HP: 23/23 MP: 3/3
   574 | D:1      | 574 ||| Stepping ~*~*~tactically~*~*~ (stealth).
   576 | D:1      | 576 ||| Stepping ~*~*~tactically~*~*~ (stealth).
   581 | D:1      | 581 ||| Stepping ~*~*~tactically~*~*~ (outnumbered).
   592 | D:1      | HP: 4/23 [jackal (3)]
   596 | D:1      | HP: 1/23 [jackal (2)]
   604 | D:1      | Slain by a jackal

Levels and vault maps discovered:
D:1:      saegor_arrival_simple_a, layout_loops_ring,
          shapermc_ecumenical_altar_totnotflames, serial_shops, shop,
          serial_bayou_pond_d, chequers_serial_rivers_small_a,
          minmay_misc_feat_pillars

Skill      XL: |  1 |
---------------+----+-----
Axes           | 1 |  1.3
Fighting       | 1 |  1.0
Short Blades   | |  0.8
Dodging        | |  1.7
Stealth        | |  3.2
Spellcasting   | |  1.7
Hexes          | |  2.4

Action                   || total
-------------------------++-------
Melee: Short sword       ||    18
       Dagger            ||     4
       Whip              ||    28
Throw: Boomerang         ||     7
Armor: Robe              ||    15
Dodge: Dodged            ||    54

Table legend:
 A = Non-vault XP
 B = Vault XP
 C = Vault XP percentage of total XP
 D = Non-vault monster count
 E = Vault monster count
 F = Vault count percentage of total count
                 A         B        C        D         E       F
            +---------+---------+-------+---------+---------+-------
      Total |      18 |       0 |   0.0 |      12 |       0 |   0.0
            +---------+---------+-------+---------+---------+-------
        D:1 |      18 |       0 |   0.0 |      12 |       0 |   0.0
            +---------+---------+-------+---------+---------+-------
